 Dungeon Crawl Stone Soup version 0.26.1-11-gd32895ea62 (webtiles) character file.

Game seed: 4594369414623136288

28 Descartes the Ducker (level 2, 0/14 HPs)
             Began as a Felid Chaos Knight on May 29, 2021.
             Was a Plaything of Xom.
             Slain by a worm (7 damage)
             ... on level 2 of the Dungeon.
             The game lasted 00:01:14 (1081 turns).

Descartes the Ducker (Felid Chaos Knight)           Turns: 1081, Time: 00:01:15

Health: 0/14       AC:  1    Str:  8    XL:     2   Next: 96%
Magic:  3/3        EV: 19    Int: 13    God:    Xom [...*..]
Gold:   28         SH:  0    Dex: 15    Spells: 1/1 levels left
                                        Lives:  0   Deaths: 0

rFire    . . .     SeeInvis +     - Unarmed
rCold    . . .     Faith    .   (shield unavailable)
rNeg     . . .     Spirit   .   (armour unavailable)
rPois    .         Reflect  .   (helmet unavailable)
rElec    .         Harm     .   (cloak unavailable)
rCorr    .         Rampage  .   (gloves unavailable)
Will     .....                  (boots unavailable)
Stlth    ++........             (no amulet)
HPRegen  0.04/turn              (no ring)
MPRegen  0.08/turn              (no ring)

@: quick
A: very small, no armour, no weapons or thrown items, stealth, claws 1, fangs 3,
see invisible, speed 1, shaggy fur 1, sharp paws
a: Renounce Religion


You were on level 2 of the Dungeon.
You worshipped Xom.
You were a favourite toy of Xom.
You visited 1 branch of the dungeon, and saw 2 of its levels.

You collected 28 gold pieces.

Inventory:

Scrolls
 a - 2 scrolls of amnesia {unknown}
 d - a scroll of enchant armour {unknown}
 e - a scroll of identify {unknown}
 g - a scroll of teleportation {unknown}
 j - a scroll of blinking {unknown}
Potions
 b - a potion of berserk rage {unknown}
 c - a potion of brilliance {unknown}
 f - a potion of attraction {unknown}
 h - a potion of ambrosia {unknown}
 i - a potion of lignification {unknown}


   Skills:
 + Level 3.2 Fighting
 + Level 3.6 Dodging
 + Level 1.4 Stealth
 * Level 3.5 Unarmed Combat


You had one spell level left.
You didn't know any spells.
Your spell library was empty.

Dungeon Overview and Level Annotations

Branches:
Dungeon (2/15)

Altars:


Innate Abilities, Weirdness & Mutations

You cannot wear armour.
You are incapable of wielding weapons or throwing items.
Your paws allow you to move quietly. (Stealth)
You have sharp claws.
You have razor-sharp teeth.
You have supernaturally acute eyesight. (SInv)
You cover ground quickly.
You are covered in fur. (AC +1)
Your sharp claws are effective at attacking unaware monsters.


Message History

The worm completely misses you.
You scratch the worm.
The worm is lightly wounded.
You scratch the worm. You bite the worm.
The worm is heavily wounded.
The worm bites you!
Ouch! That really hurt!
A shower of butterflies erupts from you!
You are too injured to fight recklessly!
You are too injured to fight recklessly!
You are too injured to fight recklessly!
You are too injured to fight recklessly!
You scratch the worm.
The worm is severely wounded.
You scratch the worm.
The worm is almost dead.
The worm bites you!
Ouch! That really hurt!
You die... "Huh?
Did I miss anything?"

. ##. ###..
#..>#####
#...#...
#...#.######
#.........
#....#####
#@....#
#wbb...#
#.....#..K
#....(# ..
#.....# .
#..b..#
#.###.# #.#
.#


You could see a worm.

Vanquished Creatures
  An adder (D:2)
  A dart slug (D:1)
  A leopard gecko (D:1)
  A goblin (D:1)
  2 hobgoblins (D:1)
  3 jackals (D:1)
  A kobold (D:1)
  2 bats (D:1)
  2 frilled lizards (D:1)
  A rat (D:1)
15 creatures vanquished.

Notes
Turn   | Place    | Note
-------+----------+-------------------------------------------
     0 | D:1      | Descartes the Felid Chaos Knight began the quest for the
                  | Orb.
     0 | D:1      | Reached XP level 1. HP: 10/10 MP: 2/2
    44 | D:1      | XOM: silly message
   170 | D:1      | Reached XP level 2. HP: 4/14 MP: 3/3
   174 | D:1      | Reached skill level 1 in Stealth
   306 | D:1      | XOM: divination: detect creatures
   415 | D:1      | XOM: potion effect (invisibility)
  1079 | D:2      | XOM: butterfly on damage
  1081 | D:2      | Slain by a worm

Illustrated notes

Levels and vault maps discovered:
D:1:      beargit_arrival_greenhouse, layout_basic
D:2:      wander_river, layout_basic, minmay_cut_off, uniq_natasha

Skill      XL: |  1  2 |
---------------+-------+-----
Stealth        | 1 |  1.4
Fighting       | |  3.2
Dodging        | |  3.6
Unarmed Combat | |  3.5

Action                   || total
-------------------------++-------
Melee: Unarmed           ||    48
       Bite              ||     5
 Stab: Sleeping          ||     1
       Invisible         ||     1
Armor: Skin              ||     4
Dodge: Dodged            ||    46
